Ice Dragons vs Thunder
Created - 16 novembre 2014 at 22:13
Goals
|
| Ice Dragons |
1 |
1 |
0 |
2 |
| Thunder |
1 |
2 |
3 |
6 |
|
Shots
|
| Ice Dragons |
7 |
16 |
15 |
38 |
| Thunder |
8 |
17 |
13 |
38 |
|
1st period
1. Thunder , Robin Leblanc 6 (Doug Janik, Brandon Mashinter) at 11:43
2. Ice Dragons , Jonathan Blum 2 (Tyler Haskins) at 18:03
Penalties :
Brandon Mashinter (TRO) for Interference (Minor) at 7:39
2nd period
3. Thunder , Pierre-Alexandre Parenteau 11 (Scott Parse, Samuel Pahlsson) at 5:29 (PP)
4. Thunder , Matt D'Agostini 15 (Dany Roussin) at 9:49
5. Ice Dragons , Tyler Haskins 1 (Jonathan Blum, Raymond Sawada) at 16:58
Penalties :
Ryan Reaves (Kin) for Hooking (Minor) at 2:42, Kyle Bigos (Kin) for Slashing (Minor) at 5:19, Scott Parse (TRO) for Goalie Interference (Minor) at 12:53
3rd period
6. Thunder , Matt D'Agostini 16 (Ray Macias) at 8:18
7. Thunder , Brandon Mashinter 3 (Ray Macias, Robin Leblanc) at 9:04
8. Thunder , Matt D'Agostini 17 (Dany Roussin, Tom Pyatt) at 16:38
Penalties :
Logan MacMillan (Kin) for Hooking (Minor) at 1:09, Logan MacMillan (Kin) for Cross-checking (Minor) at 4:58, Jim O'Brien (Kin) for Diving (Minor) at 9:07, Kyle Bigos (Kin) for Hooking (Minor) at 11:28, Jonathan Blum (Kin) for Roughing (Minor) at 19:21
Goalie Stats
Todd Ford (Kin), 32 saves from 38 shots - (0,842), L, 3-3-0, 60:00 minutes
Ben Bishop (TRO), 36 saves from 38 shots - (0,947), W, 9-8-2, 60:00 minutes
Players Stats for Ice Dragons
Player Name G A P +/- PIM S H SB GA TA FO MP PP MP PK MP
------------------------------------------------------------------------------------
Alexander Urbom 0 0 0 -1 0 0 1 0 0 0 0/0 10:48 0:35 0:00
Bradley Malone 0 0 0 1 0 0 1 0 0 0 2/2 5:30 0:00 0:00
Brandon Kozun 0 0 0 -1 0 4 0 0 0 0 0/2 11:35 0:03 0:00
Brayden McNabb 0 0 0 -1 0 2 0 1 0 1 0/0 19:39 2:10 4:08
Eric Mestery 0 0 0 -1 0 3 0 1 0 0 0/0 19:04 1:35 4:08
Frazer Mclaren 0 0 0 -2 0 1 0 0 1 1 1/2 22:42 2:19 5:03
Jim O'Brien 0 0 0 -1 2 4 2 0 1 0 7/13 16:18 1:36 2:14
Jonathan Blum 1 1 2 -1 2 2 2 3 0 4 0/0 29:29 1:48 5:57
Josh Brittain 0 0 0 1 0 0 2 0 1 1 0/0 8:15 0:00 2:41
Kyle Bigos 0 0 0 -1 4 0 0 1 0 0 0/0 10:50 0:00 0:38
Logan MacMillan 0 0 0 -1 4 3 0 0 0 0 0/0 12:01 0:03 0:00
Marek Viedensky 0 0 0 -1 0 2 2 0 0 0 3/8 12:08 0:00 0:47
Raymond Sawada 0 1 1 -2 0 4 1 1 1 0 0/3 20:39 2:19 2:54
Ryan Reaves 0 0 0 -1 2 2 5 0 0 0 1/1 14:03 1:36 0:00
Tony Lucia 0 0 0 -1 0 2 2 2 3 0 1/1 17:07 1:36 2:41
Tyler Eckford 0 0 0 -1 0 6 1 3 1 0 0/0 30:08 1:48 6:35
Tyler Haskins 1 1 2 -2 0 2 1 0 1 0 21/40 23:10 2:19 5:06
Zach Budish 0 0 0 1 0 1 0 0 0 0 0/0 5:44 0:03 0:00
Players Stats for Thunder
Player Name G A P +/- PIM S H SB GA TA FO MP PP MP PK MP
------------------------------------------------------------------------------------
Brandon Mashinter 1 1 2 2 2 3 2 0 0 0 4/8 13:01 0:00 1:00
Brett Festerling 0 0 0 0 0 0 0 0 0 0 0/1 1:29 0:21 0:00
Casey Pierro-Zabotel 0 0 0 2 0 0 0 0 1 0 0/0 12:19 0:00 0:17
Colby Cohen 0 0 0 0 0 0 0 0 0 0 0/0 0:00 0:00 0:00
Dany Roussin 0 2 2 3 0 1 1 0 2 0 0/0 19:50 4:36 2:02
Daultan Leveillé 0 0 0 0 0 0 0 0 0 1 1/3 4:34 0:00 0:00
David Fischer 0 0 0 0 0 1 0 0 0 0 0/0 2:57 0:00 0:00
Derek Peltier 0 0 0 4 0 2 3 1 0 1 0/0 21:43 4:42 1:46
Doug Janik 0 1 1 -1 0 2 3 1 1 1 0/0 26:27 6:01 2:12
Jannik Hansen 0 0 0 0 0 1 1 0 1 0 0/0 6:03 0:21 0:00
Jesse Blacker 0 0 0 0 0 0 0 0 0 0 0/0 0:00 0:00 0:00
Joey Ryan 0 0 0 0 0 2 0 0 0 0 0/0 8:53 0:00 0:00
Kelly Zajac 0 0 0 0 0 0 0 0 0 0 0/0 0:00 0:00 0:00
Kevin Montgomery 0 0 0 0 0 0 0 0 0 1 0/0 2:57 0:00 0:00
Mat Clark 0 0 0 0 0 0 0 0 0 0 0/0 0:00 0:00 0:00
Matt D'Agostini 3 0 3 3 0 5 4 0 0 0 0/0 17:48 4:36 0:00
Pierre-Alexandre Parente 1 0 1 -2 0 3 2 0 1 0 0/1 20:40 5:46 0:31
Ray Macias 0 2 2 4 0 2 2 3 0 1 0/0 21:43 4:42 1:46
Robin Leblanc 1 1 2 1 0 6 1 0 0 0 0/1 14:06 0:21 0:00
Samuel Pahlsson 0 1 1 -1 0 5 2 3 0 0 26/48 26:09 5:46 2:01
Scott Parse 0 1 1 -2 2 5 3 5 1 4 2/2 21:08 5:46 1:00
Slava Voynov 0 0 0 0 0 0 0 0 0 0 0/0 8:53 0:00 0:00
Taylor Doherty 0 0 0 0 0 0 0 0 0 0 0/0 0:00 0:00 0:00
Tim Gleason 0 0 0 -1 0 0 3 1 0 0 0/0 26:27 6:01 2:12
Tom Pyatt 0 1 1 3 0 0 1 0 0 0 3/8 18:53 4:36 1:05
3 Stars
1 - Matt D'Agostini (TRO)
2 - Ray Macias (TRO)
3 - Robin Leblanc (TRO)
Power Play
Ice Dragons - 0 on 2 Attempt(s) - 0,00%
Thunder - 1 on 7 Attempt(s) - 14,29%
Penalty Kill
Ice Dragons - 6 on 7 Attempt(s) - 85,71%
- Score 0 goal in Penalty Kill
Thunder - 2 on 2 Attempt(s) - 100,00%
- Score 0 goal in Penalty Kill
Official
Referees : Walsh Ian and Joannette Marc
Linesman : Lonnie Cameron and Scott Cherrey
Game Notes
Matt D'Agostini has scored a Hat Trick!
Finance
Level 1 -- Attendance: 1436 (71,80%) -- Ticket Income 50 260 $
Level 2 -- Attendance: 780 (78,00%) -- Ticket Income 11 700 $
Total Attendance: 2216 (73,87%)
Total Ticket Income: 61 960 $
Other Income: 3 098 $
Total Income: 65 058 $
Ice Dragons
5 vs 5 Forward
Center Left Wing Right Wing Time % Phy DF OF
1 Tyler Haskins Frazer Mclaren Raymond Sawada 40 1 3 1
2 Jim O'Brien Tony Lucia Ryan Reaves 30 1 3 1
3 Marek Viedensky Logan MacMillan Brandon Kozun 20 2 3 0
4 Bradley Malone Josh Brittain Zach Budish 10 2 3 0
5 vs 5 Defense
Defense Defense Time % Phy DF OF
1 Tyler Eckford Jonathan Blum 40 1 3 1
2 Brayden McNabb Eric Mestery 30 1 3 1
3 Alexander Urbom Kyle Bigos 20 2 3 0
4 Tyler Eckford Jonathan Blum 10 1 3 1
PowerPlay Forward
Center Left Wing Right Wing Time % Phy DF OF
1 Tyler Haskins Frazer Mclaren Raymond Sawada 60 1 2 2
2 Jim O'Brien Tony Lucia Ryan Reaves 40 1 2 2
PowerPlay Defense
Defense Defense Time % Phy DF OF
1 Tyler Eckford Jonathan Blum 60 2 1 2
2 Brayden McNabb Eric Mestery 40 2 1 2
Penalty Kill 4 Players Forward
Center Wing Time % Phy DF OF
1 Tyler Haskins Frazer Mclaren 60 2 3 0
2 Raymond Sawada Jim O'Brien 40 2 3 0
Penalty Kill 4 Players Defense
Defense Defense Time % Phy DF OF
1 Tyler Eckford Jonathan Blum 60 2 3 0
2 Brayden McNabb Eric Mestery 40 2 3 0
Penalty Kill - 3 Players Forward
Forward Time % Phy DF OF
1 Tyler Haskins 60 1 4 0
2 Frazer Mclaren 40 1 4 0
Penalty Kill - 3 Players Defense
Defense Defense Time % Phy DF OF
1 Tyler Eckford Jonathan Blum 60 1 4 0
2 Brayden McNabb Eric Mestery 40 1 4 0
4 vs 4 Forward
Center Wing Time % Phy DF OF
1 Tyler Haskins Frazer Mclaren 60 2 3 0
2 Raymond Sawada Jim O'Brien 40 2 3 0
4 vs 4 Defense
Defense Defense Time % Phy DF OF
1 Tyler Eckford Jonathan Blum 60 2 3 0
2 Brayden McNabb Eric Mestery 40 2 3 0
Last Minutes Offensive
Center Left Wing Right Wing Defense Defense
Tyler Haskins Frazer Mclaren Raymond Sawada Tyler Eckford Jonathan Blum
Last Minutes Defensive
Center Left Wing Right Wing Defense Defense
Tyler Haskins Frazer Mclaren Raymond Sawada Tyler Eckford Jonathan Blum
Goaltenders
Starting : Todd Ford
Backup : Connor Knapp
Extra Forwards
Normal : Logan MacMillan, Brandon Kozun, Josh Brittain - PP : Logan MacMillan, Brandon Kozun - PK : Josh Brittain
Extra Defensemen
Normal : Alexander Urbom, Kyle Bigos, Brayden McNabb - PP : Alexander Urbom - PK : Kyle Bigos, Brayden McNabb
Penalty Shots
Tyler Haskins, Frazer Mclaren, Raymond Sawada, Jim O'Brien, Tony Lucia
Thunder
5 vs 5 Forward
Center Left Wing Right Wing Time % Phy DF OF
1 Samuel Pahlsson Scott Parse Pierre-Alexandre Parentea40 1 2 2
2 Tom Pyatt Dany Roussin Matt D'Agostini 30 1 2 2
3 Brandon Mashinter Casey Pierro-Zabotel Robin Leblanc 20 1 2 2
4 Daultan Leveillé Samuel Pahlsson Jannik Hansen 10 1 2 2
5 vs 5 Defense
Defense Defense Time % Phy DF OF
1 Tim Gleason Doug Janik 40 1 2 2
2 Ray Macias Derek Peltier 30 1 2 2
3 Joey Ryan Slava Voynov 20 1 2 2
4 Kevin Montgomery David Fischer 10 1 2 2
PowerPlay Forward
Center Left Wing Right Wing Time % Phy DF OF
1 Samuel Pahlsson Scott Parse Pierre-Alexandre Parentea60 1 2 2
2 Tom Pyatt Dany Roussin Matt D'Agostini 40 1 2 2
PowerPlay Defense
Defense Defense Time % Phy DF OF
1 Tim Gleason Doug Janik 60 1 2 2
2 Ray Macias Derek Peltier 40 1 2 2
Penalty Kill 4 Players Forward
Center Wing Time % Phy DF OF
1 Samuel Pahlsson Scott Parse 60 1 2 2
2 Dany Roussin Pierre-Alexandre Parentea40 1 2 2
Penalty Kill 4 Players Defense
Defense Defense Time % Phy DF OF
1 Tim Gleason Doug Janik 60 1 2 2
2 Ray Macias Derek Peltier 40 1 2 2
Penalty Kill - 3 Players Forward
Forward Time % Phy DF OF
1 Samuel Pahlsson 60 1 2 2
2 Scott Parse 40 1 2 2
Penalty Kill - 3 Players Defense
Defense Defense Time % Phy DF OF
1 Tim Gleason Doug Janik 60 1 2 2
2 Ray Macias Derek Peltier 40 1 2 2
4 vs 4 Forward
Center Wing Time % Phy DF OF
1 Samuel Pahlsson Scott Parse 60 1 2 2
2 Dany Roussin Pierre-Alexandre Parentea40 1 2 2
4 vs 4 Defense
Defense Defense Time % Phy DF OF
1 Tim Gleason Doug Janik 60 1 2 2
2 Ray Macias Derek Peltier 40 1 2 2
Last Minutes Offensive
Center Left Wing Right Wing Defense Defense
Samuel Pahlsson Scott Parse Pierre-Alexandre ParenteaTim Gleason Doug Janik
Last Minutes Defensive
Center Left Wing Right Wing Defense Defense
Samuel Pahlsson Scott Parse Pierre-Alexandre ParenteaTim Gleason Doug Janik
Goaltenders
Starting : Ben Bishop
Backup : Devan Dubnyk
Extra Forwards
Normal : Robin Leblanc, Jannik Hansen, Brandon Mashinter - PP : Robin Leblanc, Jannik Hansen - PK : Brandon Mashinter
Extra Defensemen
Normal : Joey Ryan, Slava Voynov, Kevin Montgomery - PP : Joey Ryan - PK : Slava Voynov, Kevin Montgomery
Penalty Shots
Samuel Pahlsson, Scott Parse, Dany Roussin, Pierre-Alexandre Parenteau, Matt D'Agostini
% Time on Ice - Ice Dragons
Lines # - Real PCT - Wanted PCT - Time Play
Normal Forward
1 - 35% - 40% - 15:59
2 - 28% - 30% - 12:29
3 - 25% - 20% - 11:21
4 - 12% - 10% - 5:30
Normal Defense
1 - 42% - 40% - 18:51
2 - 29% - 30% - 13:21
3 - 23% - 20% - 10:13
4 - 6% - 10% - 2:54
PP Forward
1 - 60% - 60% - 2:22
2 - 40% - 40% - 1:36
PP Defense
1 - 60% - 60% - 2:23
2 - 40% - 40% - 1:35
PK Forward
1 - 73% - 60% - 7:49
2 - 27% - 40% - 2:54
PK Defense
1 - 61% - 60% - 6:35
2 - 39% - 40% - 4:08
PK3 Forward
1 - 0% - 60%
2 - 0% - 40%
PK3 Defense
1 - 0% - 60%
2 - 0% - 40%
44 Forward
1 - 0% - 60%
2 - 0% - 40%
44 Defense
1 - 0% - 60%
2 - 0% - 40%
Last Minute Offensive - 0:00
Last Minute Defensive - 0:00
Total
Forward - 60:00
Defense - 60:00
|
% Time on Ice - Thunder
Lines # - Real PCT - Wanted PCT - Time Play
Normal Forward
1 - 34% - 40% - 15:31
2 - 29% - 30% - 13:12
3 - 27% - 20% - 12:02
4 - 10% - 10% - 4:34
Normal Defense
1 - 40% - 40% - 18:14
2 - 34% - 30% - 15:15
3 - 20% - 20% - 8:53
4 - 7% - 10% - 2:57
PP Forward
1 - 57% - 60% - 6:07
2 - 43% - 40% - 4:36
PP Defense
1 - 56% - 60% - 6:01
2 - 44% - 40% - 4:42
PK Forward
1 - 87% - 60% - 3:27
2 - 13% - 40% - 0:31
PK Defense
1 - 55% - 60% - 2:12
2 - 45% - 40% - 1:46
PK3 Forward
1 - 0% - 60%
2 - 0% - 40%
PK3 Defense
1 - 0% - 60%
2 - 0% - 40%
44 Forward
1 - 0% - 60%
2 - 0% - 40%
44 Defense
1 - 0% - 60%
2 - 0% - 40%
Last Minute Offensive - 0:00
Last Minute Defensive - 0:00
Total
Forward - 60:00
Defense - 60:00
|
Play by Play
1st period
0:01 of 1st period - Samuel Pahlsson wins face-off versus Tyler Haskins in neutral zone.
2:34 of 1st period - Slapshot by Tyler Eckford.
2:34 of 1st period - Shot Misses the Net.
2:36 of 1st period - Snap shot by Tyler Eckford.
2:36 of 1st period - Stopped by Ben Bishop with a rebound.
2:50 of 1st period - Pierre-Alexandre Parenteau is hit by Ryan Reaves and loses puck.
2:59 of 1st period - Snap shot by Jim O'Brien.
2:59 of 1st period - Deflect By Samuel Pahlsson.
2:59 of 1st period - Shot Blocked by Scott Parse.
2:59 of 1st period - Puck is out of play.
3:00 of 1st period - Brandon Mashinter wins face-off versus Jim O'Brien in Thunder zone.
3:05 of 1st period - Slapshot by Ray Macias.
3:05 of 1st period - Shot Blocked by Tyler Eckford.
3:11 of 1st period - Derek Peltier is hit by Tony Lucia and loses puck.
3:54 of 1st period - Snap shot by Pierre-Alexandre Parenteau.
3:54 of 1st period - Deflect By Scott Parse.
3:54 of 1st period - Stopped by Todd Ford with a rebound.
5:23 of 1st period - Wrist shot by Tom Pyatt.
5:23 of 1st period - Shot Hit the Post.
5:50 of 1st period - Icing by Raymond Sawada.
5:51 of 1st period - Tyler Haskins wins face-off versus Brandon Mashinter in Ice Dragons zone.
6:43 of 1st period - Jonathan Blum is hit by Doug Janik and loses puck.
6:58 of 1st period - Daultan Leveillé is hit by Bradley Malone and loses puck.
7:39 of 1st period - Minor Penalty to Brandon Mashinter for Interference.
7:40 of 1st period - Samuel Pahlsson wins face-off versus Tyler Haskins in Thunder zone.
8:36 of 1st period - Derek Peltier is hit by Ryan Reaves.
9:31 of 1st period - Derek Peltier is hit by Ryan Reaves and loses puck.
9:39 of 1st period - Penalty to Brandon Mashinter is over, Brandon Mashinter is back on ice.
9:49 of 1st period - Slapshot by Robin Leblanc.
9:49 of 1st period - Deflect By Tyler Eckford.
9:49 of 1st period - Shot Blocked by Jonathan Blum.
9:49 of 1st period - Puck is out of play.
9:50 of 1st period - Brandon Mashinter wins face-off versus Brandon Kozun in Ice Dragons zone.
9:53 of 1st period - Backhand shot by Robin Leblanc.
9:53 of 1st period - Shot Misses the Net.
9:55 of 1st period - Slapshot by David Fischer.
9:55 of 1st period - Stopped by Todd Ford without a rebound.
9:56 of 1st period - Marek Viedensky wins face-off versus Brandon Mashinter in Ice Dragons zone.
9:56 of 1st period - Marek Viedensky is hit by Brandon Mashinter.
10:04 of 1st period - Robin Leblanc is hit by Alexander Urbom and loses puck.
10:13 of 1st period - Brandon Kozun is hit by Robin Leblanc and loses puck.
10:36 of 1st period - Wrist shot by Logan MacMillan.
10:36 of 1st period - Shot Misses the Net.
10:44 of 1st period - Brandon Kozun is hit by Doug Janik and loses puck.
11:15 of 1st period - Slapshot by Robin Leblanc.
11:15 of 1st period - Stopped by Todd Ford with a rebound.
11:17 of 1st period - Snap shot by Robin Leblanc.
11:17 of 1st period - Shot Misses the Net.
11:27 of 1st period - Snap shot by Tim Gleason.
11:27 of 1st period - Shot Misses the Net.
11:35 of 1st period - Wrist shot by Brandon Mashinter.
11:35 of 1st period - Stopped by Todd Ford with a rebound.
11:37 of 1st period - Slapshot by Brandon Mashinter.
11:37 of 1st period - Shot Misses the Net.
11:39 of 1st period - Slapshot by Doug Janik.
11:39 of 1st period - Stopped by Todd Ford with a rebound.
11:41 of 1st period - Snap shot by Robin Leblanc.
11:41 of 1st period - Shot Blocked by Kyle Bigos.
11:43 of 1st period - Snap shot by Robin Leblanc.
11:43 of 1st period - Goal by Robin Leblanc - Ice Dragons : 0 - Thunder : 1.
11:44 of 1st period - Tyler Haskins wins face-off versus Samuel Pahlsson in neutral zone.
11:51 of 1st period - Snap shot by Raymond Sawada.
11:51 of 1st period - Stopped by Ben Bishop without a rebound.
11:52 of 1st period - Samuel Pahlsson wins face-off versus Raymond Sawada in Thunder zone.
12:05 of 1st period - Off-side.
12:06 of 1st period - Samuel Pahlsson wins face-off versus Jim O'Brien in neutral zone.
12:15 of 1st period - Tyler Eckford is hit by Scott Parse and loses puck.
12:55 of 1st period - Eric Mestery is hit by Jannik Hansen and loses puck.
13:04 of 1st period - Wrist shot by Zach Budish.
13:04 of 1st period - Stopped by Ben Bishop without a rebound.
13:05 of 1st period - Jim O'Brien wins face-off versus Samuel Pahlsson in Thunder zone.
13:08 of 1st period - Slapshot by Jim O'Brien.
13:08 of 1st period - Shot Misses the Net.
13:10 of 1st period - Wrist shot by Ryan Reaves.
13:10 of 1st period - Stopped by Ben Bishop without a rebound.
13:11 of 1st period - Jim O'Brien wins face-off versus Samuel Pahlsson in Thunder zone.
13:12 of 1st period - Snap shot by Tony Lucia.
13:12 of 1st period - Deflect By Scott Parse.
13:12 of 1st period - Shot Blocked by Scott Parse.
13:12 of 1st period - Puck is out of play.
13:13 of 1st period - Ryan Reaves wins face-off versus Samuel Pahlsson in Thunder zone.
13:19 of 1st period - Icing by Scott Parse.
13:20 of 1st period - Tyler Haskins wins face-off versus Samuel Pahlsson in Thunder zone.
13:21 of 1st period - Wrist shot by Raymond Sawada.
13:21 of 1st period - Stopped by Ben Bishop with a rebound.
13:24 of 1st period - Icing by Pierre-Alexandre Parenteau.
13:25 of 1st period - Tyler Haskins wins face-off versus Pierre-Alexandre Parenteau in Thunder zone.
13:30 of 1st period - Snap shot by Tyler Haskins.
13:30 of 1st period - Shot Blocked by Ray Macias.
13:44 of 1st period - Wrist shot by Pierre-Alexandre Parenteau.
13:44 of 1st period - Stopped by Todd Ford without a rebound.
13:45 of 1st period - Jim O'Brien wins face-off versus Tom Pyatt in Ice Dragons zone.
13:56 of 1st period - Slapshot by Jim O'Brien.
13:56 of 1st period - Stopped by Ben Bishop with a rebound.
14:39 of 1st period - Slapshot by Robin Leblanc.
14:39 of 1st period - Stopped by Todd Ford without a rebound.
14:40 of 1st period - Jim O'Brien wins face-off versus Samuel Pahlsson in Ice Dragons zone.
15:08 of 1st period - Raymond Sawada is hit by Matt D'Agostini.
15:28 of 1st period - Snap shot by Brandon Mashinter.
15:28 of 1st period - Shot Misses the Net.
15:32 of 1st period - Wrist shot by Robin Leblanc.
15:32 of 1st period - Shot Misses the Net.
16:56 of 1st period - Wrist shot by Samuel Pahlsson.
16:56 of 1st period - Deflect By Daultan Leveillé.
16:56 of 1st period - Shot Misses the Net.
16:56 of 1st period - Puck is out of play.
16:57 of 1st period - Jim O'Brien wins face-off versus Daultan Leveillé in Ice Dragons zone.
17:04 of 1st period - Samuel Pahlsson is hit by Ryan Reaves and loses puck.
18:03 of 1st period - Slapshot by Jonathan Blum.
18:03 of 1st period - Goal by Jonathan Blum - Ice Dragons : 1 - Thunder : 1.
18:04 of 1st period - Samuel Pahlsson wins face-off versus Tyler Haskins in neutral zone.
18:38 of 1st period - Wrist shot by Jim O'Brien.
18:38 of 1st period - Shot Misses the Net.
19:21 of 1st period - Slapshot by Tyler Eckford.
19:21 of 1st period - Shot Blocked by Ray Macias.
Goals for this period are 1 for Ice Dragons vs 1 for Thunder.
Shots for this period are 7 for Ice Dragons vs 8 for Thunder.
2nd period
0:01 of 2nd period - Tyler Haskins wins face-off versus Samuel Pahlsson in neutral zone.
0:08 of 2nd period - Snap shot by Tyler Haskins.
0:08 of 2nd period - Shot Misses the Net.
0:10 of 2nd period - Snap shot by Frazer Mclaren.
0:10 of 2nd period - Deflect By Raymond Sawada.
0:10 of 2nd period - Shot Misses the Net.
0:10 of 2nd period - Puck is out of play.
0:11 of 2nd period - Tyler Haskins wins face-off versus Samuel Pahlsson in Thunder zone.
0:14 of 2nd period - Snap shot by Raymond Sawada.
0:14 of 2nd period - Shot Misses the Net.
0:45 of 2nd period - Snap shot by Robin Leblanc.
0:45 of 2nd period - Stopped by Todd Ford without a rebound.
0:46 of 2nd period - Samuel Pahlsson wins face-off versus Jim O'Brien in Ice Dragons zone.
1:19 of 2nd period - Wrist shot by Logan MacMillan.
1:19 of 2nd period - Shot Misses the Net.
1:25 of 2nd period - Wrist shot by Brandon Kozun.
1:25 of 2nd period - Deflect By Tom Pyatt.
1:25 of 2nd period - Shot Misses the Net.
1:25 of 2nd period - Puck is out of play.
1:26 of 2nd period - Samuel Pahlsson wins face-off versus Tyler Haskins in Thunder zone.
2:29 of 2nd period - Wrist shot by Tyler Haskins.
2:29 of 2nd period - Stopped by Ben Bishop without a rebound.
2:30 of 2nd period - Samuel Pahlsson wins face-off versus Jim O'Brien in Thunder zone.
2:30 of 2nd period - Samuel Pahlsson is hit by Jim O'Brien.
2:36 of 2nd period - Ryan Reaves is hit by Ray Macias and loses puck.
2:42 of 2nd period - Minor Penalty to Ryan Reaves for Hooking.
2:43 of 2nd period - Tyler Haskins wins face-off versus Samuel Pahlsson in Ice Dragons zone.
3:00 of 2nd period - Tyler Eckford is hit by Dany Roussin.
3:16 of 2nd period - Jonathan Blum is hit by Scott Parse and loses puck.
4:09 of 2nd period - Matt D'Agostini is hit by Josh Brittain and loses puck.
4:42 of 2nd period - Penalty to Ryan Reaves is over, Ryan Reaves is back on ice.
4:55 of 2nd period - Snap shot by Brandon Mashinter.
4:55 of 2nd period - Stopped by Todd Ford with a rebound.
4:57 of 2nd period - Slapshot by Joey Ryan.
4:57 of 2nd period - Stopped by Todd Ford without a rebound.
4:58 of 2nd period - Marek Viedensky wins face-off versus Brandon Mashinter in Ice Dragons zone.
5:19 of 2nd period - Minor Penalty to Kyle Bigos for Slashing.
5:20 of 2nd period - Tyler Haskins wins face-off versus Samuel Pahlsson in Ice Dragons zone.
5:27 of 2nd period - Snap shot by Scott Parse.
5:27 of 2nd period - Stopped by Todd Ford with a rebound.
5:29 of 2nd period - Slapshot by Pierre-Alexandre Parenteau.
5:29 of 2nd period - Goal by Pierre-Alexandre Parenteau - Ice Dragons : 1 - Thunder : 2.
5:30 of 2nd period - Tyler Haskins wins face-off versus Samuel Pahlsson in neutral zone.
5:38 of 2nd period - Tyler Haskins is hit by Samuel Pahlsson and loses puck.
5:55 of 2nd period - Jim O'Brien is hit by Matt D'Agostini and loses puck.
6:12 of 2nd period - Snap shot by Robin Leblanc.
6:12 of 2nd period - Stopped by Todd Ford with a rebound.
6:20 of 2nd period - Slapshot by Tyler Eckford.
6:20 of 2nd period - Stopped by Ben Bishop without a rebound.
6:21 of 2nd period - Samuel Pahlsson wins face-off versus Tyler Haskins in Thunder zone.
6:46 of 2nd period - Jim O'Brien is hit by Matt D'Agostini and loses puck.
7:29 of 2nd period - Snap shot by Ray Macias.
7:29 of 2nd period - Stopped by Todd Ford with a rebound.
7:56 of 2nd period - Snap shot by Frazer Mclaren.
7:56 of 2nd period - Stopped by Ben Bishop with a rebound.
8:26 of 2nd period - Slapshot by Tyler Eckford.
8:26 of 2nd period - Stopped by Ben Bishop without a rebound.
8:27 of 2nd period - Brandon Mashinter wins face-off versus Marek Viedensky in Thunder zone.
8:27 of 2nd period - Brandon Mashinter is hit by Jonathan Blum.
8:53 of 2nd period - Robin Leblanc is hit by Marek Viedensky and loses puck.
9:14 of 2nd period - Snap shot by Logan MacMillan.
9:14 of 2nd period - Deflect By Marek Viedensky.
9:14 of 2nd period - Shot Misses the Net.
9:14 of 2nd period - Puck is out of play.
9:15 of 2nd period - Samuel Pahlsson wins face-off versus Raymond Sawada in Thunder zone.
9:40 of 2nd period - Tyler Eckford is hit by Matt D'Agostini and loses puck.
9:49 of 2nd period - Snap shot by Matt D'Agostini.
9:49 of 2nd period - Goal by Matt D'Agostini - Ice Dragons : 1 - Thunder : 3.
9:50 of 2nd period - Samuel Pahlsson wins face-off versus Tyler Haskins in neutral zone.
9:55 of 2nd period - Wrist shot by Samuel Pahlsson.
9:55 of 2nd period - Shot Blocked by Raymond Sawada.
10:02 of 2nd period - Off-side.
10:03 of 2nd period - Tyler Haskins wins face-off versus Samuel Pahlsson in neutral zone.
10:09 of 2nd period - Snap shot by Tyler Haskins.
10:09 of 2nd period - Shot Misses the Net.
11:01 of 2nd period - Icing by Brayden McNabb.
11:02 of 2nd period - Scott Parse wins face-off versus Marek Viedensky in Ice Dragons zone.
11:05 of 2nd period - Snap shot by Pierre-Alexandre Parenteau.
11:05 of 2nd period - Shot Misses the Net.
11:07 of 2nd period - Snap shot by Samuel Pahlsson.
11:07 of 2nd period - Stopped by Todd Ford without a rebound.
11:08 of 2nd period - Samuel Pahlsson wins face-off versus Tyler Haskins in Ice Dragons zone.
11:17 of 2nd period - Snap shot by Samuel Pahlsson.
11:17 of 2nd period - Stopped by Todd Ford without a rebound.
11:18 of 2nd period - Samuel Pahlsson wins face-off versus Tyler Haskins in Ice Dragons zone.
11:19 of 2nd period - Snap shot by Pierre-Alexandre Parenteau.
11:19 of 2nd period - Stopped by Todd Ford without a rebound.
11:20 of 2nd period - Tyler Haskins wins face-off versus Samuel Pahlsson in Ice Dragons zone.
11:20 of 2nd period - Tyler Haskins is hit by Derek Peltier.
11:26 of 2nd period - Derek Peltier is hit by Raymond Sawada and loses puck.
11:48 of 2nd period - Off-side.
11:49 of 2nd period - Tom Pyatt wins face-off versus Jim O'Brien in neutral zone.
11:56 of 2nd period - Snap shot by Matt D'Agostini.
11:56 of 2nd period - Shot Misses the Net.
11:58 of 2nd period - Slapshot by Matt D'Agostini.
11:58 of 2nd period - Shot Blocked by Tony Lucia.
12:00 of 2nd period - Backhand shot by Matt D'Agostini.
12:00 of 2nd period - Shot Blocked by Brayden McNabb.
12:04 of 2nd period - Slapshot by Doug Janik.
12:04 of 2nd period - Deflect By Matt D'Agostini.
12:04 of 2nd period - Stopped by Todd Ford with a rebound.
12:14 of 2nd period - Tony Lucia is hit by Samuel Pahlsson and loses puck.
12:19 of 2nd period - Backhand shot by Samuel Pahlsson.
12:19 of 2nd period - Stopped by Todd Ford without a rebound.
12:20 of 2nd period - Tyler Haskins wins face-off versus Daultan Leveillé in Ice Dragons zone.
12:31 of 2nd period - Slapshot by Jonathan Blum.
12:31 of 2nd period - Stopped by Ben Bishop without a rebound.
12:32 of 2nd period - Samuel Pahlsson wins face-off versus Tyler Haskins in Thunder zone.
12:39 of 2nd period - Slapshot by Samuel Pahlsson.
12:39 of 2nd period - Shot Misses the Net.
12:53 of 2nd period - Minor Penalty to Scott Parse for Goalie Interference.
12:54 of 2nd period - Samuel Pahlsson wins face-off versus Tyler Haskins in Thunder zone.
13:03 of 2nd period - Snap shot by Samuel Pahlsson.
13:03 of 2nd period - Shot Misses the Net.
13:05 of 2nd period - Slapshot by Samuel Pahlsson.
13:05 of 2nd period - Stopped by Todd Ford without a rebound.
13:06 of 2nd period - Tyler Haskins wins face-off versus Samuel Pahlsson in Ice Dragons zone.
13:11 of 2nd period - Snap shot by Tyler Eckford.
13:11 of 2nd period - Shot Blocked by Doug Janik.
13:35 of 2nd period - Snap shot by Tyler Eckford.
13:35 of 2nd period - Stopped by Ben Bishop without a rebound.
13:36 of 2nd period - Tyler Haskins wins face-off versus Samuel Pahlsson in Thunder zone.
13:43 of 2nd period - Wrist shot by Raymond Sawada.
13:43 of 2nd period - Stopped by Ben Bishop with a rebound.
13:45 of 2nd period - Slapshot by Eric Mestery.
13:45 of 2nd period - Stopped by Ben Bishop with a rebound.
13:47 of 2nd period - Slapshot by Brayden McNabb.
13:47 of 2nd period - Stopped by Ben Bishop with a rebound.
13:49 of 2nd period - Slapshot by Eric Mestery.
13:49 of 2nd period - Shot Blocked by Derek Peltier.
13:59 of 2nd period - Derek Peltier is hit by Ryan Reaves and loses puck.
14:53 of 2nd period - Penalty to Scott Parse is over, Scott Parse is back on ice.
14:55 of 2nd period - Icing by Doug Janik.
14:56 of 2nd period - Jim O'Brien wins face-off versus Samuel Pahlsson in Thunder zone.
15:41 of 2nd period - Dany Roussin is hit by Tyler Eckford and loses puck.
15:54 of 2nd period - Raymond Sawada is hit by Pierre-Alexandre Parenteau and loses puck.
16:44 of 2nd period - Wrist shot by Logan MacMillan.
16:44 of 2nd period - Shot Blocked by Scott Parse.
16:46 of 2nd period - Slapshot by Jonathan Blum.
16:46 of 2nd period - Shot Blocked by Scott Parse.
16:48 of 2nd period - Snap shot by Marek Viedensky.
16:48 of 2nd period - Stopped by Ben Bishop without a rebound.
16:49 of 2nd period - Tyler Haskins wins face-off versus Robin Leblanc in Thunder zone.
16:58 of 2nd period - Slapshot by Tyler Haskins.
16:58 of 2nd period - Goal by Tyler Haskins - Ice Dragons : 2 - Thunder : 3.
16:59 of 2nd period - Samuel Pahlsson wins face-off versus Raymond Sawada in neutral zone.
17:24 of 2nd period - Matt D'Agostini is hit by Tony Lucia and loses puck.
17:47 of 2nd period - Slapshot by Brayden McNabb.
17:47 of 2nd period - Deflect By Dany Roussin.
17:47 of 2nd period - Stopped by Ben Bishop without a rebound.
17:48 of 2nd period - Bradley Malone wins face-off versus Samuel Pahlsson in Thunder zone.
17:49 of 2nd period - Slapshot by Josh Brittain.
17:49 of 2nd period - Shot Blocked by Samuel Pahlsson.
17:55 of 2nd period - Wrist shot by Scott Parse.
17:55 of 2nd period - Stopped by Todd Ford without a rebound.
17:56 of 2nd period - Samuel Pahlsson wins face-off versus Tyler Haskins in Ice Dragons zone.
18:05 of 2nd period - Snap shot by Pierre-Alexandre Parenteau.
18:05 of 2nd period - Shot Misses the Net.
18:11 of 2nd period - Slapshot by Doug Janik.
18:11 of 2nd period - Shot Blocked by Eric Mestery.
18:23 of 2nd period - Slapshot by Doug Janik.
18:23 of 2nd period - Stopped by Todd Ford without a rebound.
18:24 of 2nd period - Jim O'Brien wins face-off versus Tom Pyatt in Ice Dragons zone.
18:30 of 2nd period - Wrist shot by Tony Lucia.
18:30 of 2nd period - Shot Blocked by Ray Macias.
18:34 of 2nd period - Snap shot by Tony Lucia.
18:34 of 2nd period - Shot Misses the Net.
18:36 of 2nd period - Slapshot by Tyler Eckford.
18:36 of 2nd period - Stopped by Ben Bishop with a rebound.
19:00 of 2nd period - Wrist shot by Jim O'Brien.
19:00 of 2nd period - Shot Misses the Net.
19:08 of 2nd period - Snap shot by Tony Lucia.
19:08 of 2nd period - Stopped by Ben Bishop with a rebound.
19:10 of 2nd period - Slapshot by Eric Mestery.
19:10 of 2nd period - Deflect By Jim O'Brien.
19:10 of 2nd period - Stopped by Ben Bishop with a rebound.
19:20 of 2nd period - Snap shot by Jim O'Brien.
19:20 of 2nd period - Stopped by Ben Bishop with a rebound.
19:26 of 2nd period - Snap shot by Tom Pyatt.
19:26 of 2nd period - Shot Misses the Net.
19:28 of 2nd period - Slapshot by Derek Peltier.
19:28 of 2nd period - Shot Misses the Net.
19:30 of 2nd period - Slapshot by Tom Pyatt.
19:30 of 2nd period - Shot Misses the Net.
19:32 of 2nd period - Snap shot by Matt D'Agostini.
19:32 of 2nd period - Shot Misses the Net.
19:34 of 2nd period - Snap shot by Matt D'Agostini.
19:34 of 2nd period - Stopped by Todd Ford without a rebound.
19:35 of 2nd period - Samuel Pahlsson wins face-off versus Tyler Haskins in Ice Dragons zone.
Goals for this period are 1 for Ice Dragons vs 2 for Thunder.
Shots for this period are 16 for Ice Dragons vs 17 for Thunder.
3rd period
0:01 of 3rd period - Scott Parse wins face-off versus Tyler Haskins in neutral zone.
0:39 of 3rd period - Tim Gleason is hit by Jonathan Blum and loses puck.
1:09 of 3rd period - Minor Penalty to Logan MacMillan for Hooking.
1:10 of 3rd period - Samuel Pahlsson wins face-off versus Tyler Haskins in Ice Dragons zone.
1:24 of 3rd period - Backhand shot by Pierre-Alexandre Parenteau.
1:24 of 3rd period - Shot Misses the Net.
2:01 of 3rd period - Eric Mestery is hit by Doug Janik and loses puck.
3:09 of 3rd period - Penalty to Logan MacMillan is over, Logan MacMillan is back on ice.
3:22 of 3rd period - Tyler Haskins is hit by Derek Peltier and loses puck.
3:33 of 3rd period - Snap shot by Tony Lucia.
3:33 of 3rd period - Stopped by Ben Bishop without a rebound.
3:34 of 3rd period - Bradley Malone wins face-off versus Brandon Mashinter in Thunder zone.
3:35 of 3rd period - Snap shot by Josh Brittain.
3:35 of 3rd period - Shot Hit the Post.
3:41 of 3rd period - Josh Brittain is hit by Brandon Mashinter and loses puck.
4:22 of 3rd period - Wrist shot by Zach Budish.
4:22 of 3rd period - Shot Blocked by Scott Parse.
4:24 of 3rd period - Wrist shot by Josh Brittain.
4:24 of 3rd period - Shot Misses the Net.
4:39 of 3rd period - Off-side.
4:40 of 3rd period - Brandon Mashinter wins face-off versus Marek Viedensky in neutral zone.
4:58 of 3rd period - Minor Penalty to Logan MacMillan for Cross-checking.
4:59 of 3rd period - Tyler Haskins wins face-off versus Samuel Pahlsson in Ice Dragons zone.
5:10 of 3rd period - Snap shot by Pierre-Alexandre Parenteau.
5:10 of 3rd period - Shot Misses the Net.
5:12 of 3rd period - Slapshot by Doug Janik.
5:12 of 3rd period - Shot Blocked by Jonathan Blum.
6:24 of 3rd period - Frazer Mclaren is hit by Tim Gleason and loses puck.
6:56 of 3rd period - Slapshot by Ray Macias.
6:56 of 3rd period - Shot Blocked by Tony Lucia.
6:58 of 3rd period - Penalty to Logan MacMillan is over, Logan MacMillan is back on ice.
6:58 of 3rd period - Snap shot by Derek Peltier.
6:58 of 3rd period - Stopped by Todd Ford with a rebound.
7:00 of 3rd period - Wrist shot by Jannik Hansen.
7:00 of 3rd period - Stopped by Todd Ford without a rebound.
7:01 of 3rd period - Marek Viedensky wins face-off versus Brett Festerling in Ice Dragons zone.
7:26 of 3rd period - Slava Voynov is hit by Josh Brittain and loses puck.
7:33 of 3rd period - Josh Brittain is hit by Ray Macias and loses puck.
7:43 of 3rd period - Off-side.
7:44 of 3rd period - Samuel Pahlsson wins face-off versus Jim O'Brien in neutral zone.
8:18 of 3rd period - Snap shot by Matt D'Agostini.
8:18 of 3rd period - Goal by Matt D'Agostini - Ice Dragons : 2 - Thunder : 4.
8:19 of 3rd period - Samuel Pahlsson wins face-off versus Tyler Haskins in neutral zone.
8:24 of 3rd period - Slapshot by Doug Janik.
8:24 of 3rd period - Deflect By Scott Parse.
8:24 of 3rd period - Shot Misses the Net.
8:24 of 3rd period - Puck is out of play.
8:25 of 3rd period - Tyler Haskins wins face-off versus Samuel Pahlsson in Ice Dragons zone.
8:25 of 3rd period - Tyler Haskins is hit by Pierre-Alexandre Parenteau.
8:30 of 3rd period - Off-side.
8:31 of 3rd period - Samuel Pahlsson wins face-off versus Tyler Haskins in neutral zone.
8:40 of 3rd period - Slapshot by Samuel Pahlsson.
8:40 of 3rd period - Shot Blocked by Tyler Eckford.
8:42 of 3rd period - Snap shot by Scott Parse.
8:42 of 3rd period - Stopped by Todd Ford with a rebound.
8:44 of 3rd period - Snap shot by Doug Janik.
8:44 of 3rd period - Shot Blocked by Jonathan Blum.
8:46 of 3rd period - Wrist shot by Pierre-Alexandre Parenteau.
8:46 of 3rd period - Shot Misses the Net.
9:02 of 3rd period - Slapshot by Ray Macias.
9:02 of 3rd period - Stopped by Todd Ford with a rebound.
9:04 of 3rd period - Snap shot by Brandon Mashinter.
9:04 of 3rd period - Goal by Brandon Mashinter - Ice Dragons : 2 - Thunder : 5.
9:05 of 3rd period - Tony Lucia wins face-off versus Samuel Pahlsson in neutral zone.
9:07 of 3rd period - Minor Penalty to Jim O'Brien for Diving.
9:08 of 3rd period - Tyler Haskins wins face-off versus Samuel Pahlsson in Ice Dragons zone.
9:42 of 3rd period - Slapshot by Doug Janik.
9:42 of 3rd period - Shot Misses the Net.
10:24 of 3rd period - Wrist shot by Tony Lucia.
10:24 of 3rd period - Shot Misses the Net.
11:07 of 3rd period - Penalty to Jim O'Brien is over, Jim O'Brien is back on ice.
11:20 of 3rd period - Snap shot by Robin Leblanc.
11:20 of 3rd period - Stopped by Todd Ford with a rebound.
11:22 of 3rd period - Slapshot by Joey Ryan.
11:22 of 3rd period - Deflect By Brandon Kozun.
11:22 of 3rd period - Stopped by Todd Ford with a rebound.
11:28 of 3rd period - Minor Penalty to Kyle Bigos for Hooking.
11:29 of 3rd period - Samuel Pahlsson wins face-off versus Tyler Haskins in Ice Dragons zone.
12:36 of 3rd period - Tyler Eckford is hit by Tim Gleason and loses puck.
13:28 of 3rd period - Penalty to Kyle Bigos is over, Kyle Bigos is back on ice.
13:32 of 3rd period - Icing by Pierre-Alexandre Parenteau.
13:33 of 3rd period - Samuel Pahlsson wins face-off versus Marek Viedensky in Thunder zone.
13:48 of 3rd period - Slapshot by Ryan Reaves.
13:48 of 3rd period - Stopped by Ben Bishop with a rebound.
14:35 of 3rd period - Slapshot by Jonathan Blum.
14:35 of 3rd period - Shot Misses the Net.
14:37 of 3rd period - Snap shot by Brandon Kozun.
14:37 of 3rd period - Stopped by Ben Bishop without a rebound.
14:38 of 3rd period - Daultan Leveillé wins face-off versus Marek Viedensky in Thunder zone.
14:38 of 3rd period - Daultan Leveillé is hit by Marek Viedensky.
14:48 of 3rd period - Snap shot by Jonathan Blum.
14:48 of 3rd period - Shot Blocked by Samuel Pahlsson.
14:50 of 3rd period - Wrist shot by Logan MacMillan.
14:50 of 3rd period - Stopped by Ben Bishop with a rebound.
14:52 of 3rd period - Slapshot by Jonathan Blum.
14:52 of 3rd period - Shot Blocked by Samuel Pahlsson.
14:54 of 3rd period - Wrist shot by Marek Viedensky.
14:54 of 3rd period - Shot Misses the Net.
14:56 of 3rd period - Snap shot by Brandon Kozun.
14:56 of 3rd period - Deflect By Logan MacMillan.
14:56 of 3rd period - Stopped by Ben Bishop with a rebound.
14:58 of 3rd period - Snap shot by Brandon Kozun.
14:58 of 3rd period - Stopped by Ben Bishop with a rebound.
15:00 of 3rd period - Snap shot by Marek Viedensky.
15:00 of 3rd period - Stopped by Ben Bishop with a rebound.
15:02 of 3rd period - Slapshot by Eric Mestery.
15:02 of 3rd period - Deflect By Logan MacMillan.
15:02 of 3rd period - Shot Misses the Net.
15:02 of 3rd period - Puck is out of play.
15:03 of 3rd period - Tom Pyatt wins face-off versus Frazer Mclaren in Thunder zone.
15:28 of 3rd period - Ryan Reaves is hit by Derek Peltier and loses puck.
15:43 of 3rd period - Brandon Mashinter is hit by Jim O'Brien and loses puck.
15:59 of 3rd period - Wrist shot by Brandon Kozun.
15:59 of 3rd period - Stopped by Ben Bishop with a rebound.
16:01 of 3rd period - Slapshot by Brandon Kozun.
16:01 of 3rd period - Shot Blocked by Tim Gleason.
16:03 of 3rd period - Snap shot by Marek Viedensky.
16:03 of 3rd period - Deflect By Brandon Kozun.
16:03 of 3rd period - Stopped by Ben Bishop without a rebound.
16:04 of 3rd period - Tyler Haskins wins face-off versus Tom Pyatt in Thunder zone.
16:05 of 3rd period - Slapshot by Jonathan Blum.
16:05 of 3rd period - Shot Misses the Net.
16:11 of 3rd period - Backhand shot by Derek Peltier.
16:11 of 3rd period - Stopped by Todd Ford without a rebound.
16:12 of 3rd period - Tyler Haskins wins face-off versus Tom Pyatt in Ice Dragons zone.
16:12 of 3rd period - Tyler Haskins is hit by Tom Pyatt.
16:20 of 3rd period - Wrist shot by Raymond Sawada.
16:20 of 3rd period - Stopped by Ben Bishop with a rebound.
16:32 of 3rd period - Snap shot by Dany Roussin.
16:32 of 3rd period - Stopped by Todd Ford with a rebound.
16:34 of 3rd period - Wrist shot by Tom Pyatt.
16:34 of 3rd period - Shot Blocked by Tyler Eckford.
16:36 of 3rd period - Wrist shot by Dany Roussin.
16:36 of 3rd period - Shot Misses the Net.
16:38 of 3rd period - Slapshot by Matt D'Agostini.
16:38 of 3rd period - Goal by Matt D'Agostini - Ice Dragons : 2 - Thunder : 6.
16:39 of 3rd period - Frazer Mclaren wins face-off versus Samuel Pahlsson in neutral zone.
16:44 of 3rd period - Frazer Mclaren is hit by Tim Gleason and loses puck.
17:14 of 3rd period - Snap shot by Jim O'Brien.
17:14 of 3rd period - Stopped by Ben Bishop without a rebound.
17:15 of 3rd period - Tyler Haskins wins face-off versus Tom Pyatt in Thunder zone.
18:03 of 3rd period - Slapshot by Eric Mestery.
18:03 of 3rd period - Stopped by Ben Bishop with a rebound.
18:05 of 3rd period - Slapshot by Brayden McNabb.
18:05 of 3rd period - Shot Misses the Net.
18:07 of 3rd period - Wrist shot by Eric Mestery.
18:07 of 3rd period - Stopped by Ben Bishop without a rebound.
18:08 of 3rd period - Tom Pyatt wins face-off versus Brandon Kozun in Thunder zone.
18:21 of 3rd period - Slapshot by Tyler Eckford.
18:21 of 3rd period - Stopped by Ben Bishop with a rebound.
18:25 of 3rd period - Slapshot by Jonathan Blum.
18:25 of 3rd period - Shot Hit the Post.
18:27 of 3rd period - Wrist shot by Logan MacMillan.
18:27 of 3rd period - Stopped by Ben Bishop without a rebound.
18:28 of 3rd period - Samuel Pahlsson wins face-off versus Tyler Haskins in Thunder zone.
18:28 of 3rd period - Samuel Pahlsson is hit by Tyler Haskins.
18:36 of 3rd period - Raymond Sawada is hit by Scott Parse and loses puck.
19:21 of 3rd period - Minor Penalty to Jonathan Blum for Roughing.
19:22 of 3rd period - Samuel Pahlsson wins face-off versus Tyler Haskins in Ice Dragons zone.
19:25 of 3rd period - Snap shot by Samuel Pahlsson.
19:25 of 3rd period - Deflect By Tyler Haskins.
19:25 of 3rd period - Stopped by Todd Ford with a rebound.
19:27 of 3rd period - Snap shot by Scott Parse.
19:27 of 3rd period - Stopped by Todd Ford with a rebound.
Goals for this period are 0 for Ice Dragons vs 3 for Thunder.
Shots for this period are 15 for Ice Dragons vs 13 for Thunder.
Output by the SimonT Hockey Simulator (STHS) for François Prévost -- Original Page W3C XHTML 1.0 Valid